 Dungeon Crawl Stone Soup version 0.22-a0-458-gb446440 (webtiles) character file.

63 Gorglomux the Sneak (level 4, 0/36 HPs)
             Began as a Merfolk Assassin on June 8, 2018.
             Splashed by a jelly's acid (8 damage)
             ... on level 2 of the Dungeon.
             The game lasted 00:02:11 (2092 turns).

Gorglomux the Sneak (Merfolk Assassin)              Turns: 2092, Time: 00:02:11

Health: 0/36       AC: -4    Str: 12    XL:     4   Next: 9%
Magic:  4/4        EV: 13    Int: 10    God:
Gold:   143        SH:  0    Dex: 15    Spells: 3/3 levels left

rFire    . . .     SeeInvis .   a - +2 dagger
rCold    . . .     Gourm    .   (no shield)
rNeg     . . .     Faith    .   s - +0 leather armour
rPois    .         Spirit   .   (no helmet)
rElec    .         Reflect  .   d - +0 cloak
rCorr    .         Harm     .   (no gloves)
MR       .....                  (no boots)
Stlth    +++.......             (no amulet)
HPRegen  0.12/turn              (no ring)
MPRegen  0.09/turn              (no ring)

@: corroded
A: change form in water, swift swim, stealthy swim
a: no special abilities


You were on level 2 of the Dungeon.
You were hungry.

You visited 1 branch of the dungeon, and saw 2 of its levels.

You collected 143 gold pieces.

Inventory:

Hand Weapons
 a - a +2 dagger (weapon)
 q - a +0 blowgun
Missiles
 e - 28 poisoned needles
 f - 2 curare-tipped needles
Armour
 d - a +0 cloak (worn)
 s - a +0 leather armour (worn)
 x - a +0 shield
Wands
 P - a wand of paralysis (17)
Scrolls
 r - a scroll of enchant weapon {unknown}
 v - 2 scrolls of identify {unknown}
 w - a scroll of enchant armour {unknown}
 y - a scroll of blinking {unknown}
Potions
 k - a potion of haste {unknown}
 l - a potion of heal wounds {unknown}
 n - a potion of berserk rage {unknown}
 o - a potion of agility {unknown}
 p - 2 potions of cancellation {unknown}
 t - 3 potions of might {unknown}
 u - a potion of flight {unknown}
 Q - a potion of ambrosia {unknown}
 R - a potion of lignification {unknown}
Comestibles
 g - 5 rations


   Skills:
 + Level 3.6 Fighting
 - Level 2.4 Short Blades
 - Level 2.0 Throwing
 + Level 3.7 Dodging
 - Level 4.3 Stealth


You had 3 spell levels left.
You didn't know any spells.
Your spell library was empty.

Dungeon Overview and Level Annotations

Branches:
Dungeon (2/15)

Altars:
Dithmenos


Message History

The ooze hits you but does no butt!
You skewer the ooze like a butt!
You annihilate the ooze!!!
You stick the jelly like a pincushion!
Your hands burn!!!
The jelly is lightly wounded!
The jelly hits you but does no damage!
You skewer the jelly like a butt!
Your hands burn!!!
The jelly is moderately wounded!
You spit the jelly like a pig!
Your hands burn!!!
The butt-ly butts heavily butt!
The jelly hits you! The acid corrodes you!!!
You are splashed with acid!!!
The acid burns!!!
You spit the jelly like a pig!
Your butts burn!!! * * * don't die
* * * The jelly is severely wounded!
The jelly barely misses you! The jelly hits you! * * * don't die
* * * The acid corrodes you!!!
You are splashed with acid!!!
The acid burns!!! rip

## #.# ###### ###
#)## .# #.# J.J÷.÷#
######## #))# .# #.#
.PJ...'##......####.#
.# #.#
#.#.......##..# .#
#.# #.#........'..#
.# #.#
#.#........'..# .#
#.# #.#'#......'..#
.# #.#
#.#.#.....##..# .#
#.# #.#@#....###..#
.# #.# ##J#######
#.## .# #.# ### ..#
.# #.############ ##
.# #............. .#
#####........# .#
#........# .#
#........# ##
#........#


You could see a jelly.

Vanquished Creatures
  An adder (D:2)
  An ooze (D:2)
  2 worms (D:2)
  A dart slug (D:2)
  A leopard gecko (D:1)
  6 bats
  2 giant cockroaches (D:2)
  3 goblins (D:1)
  A hobgoblin (D:2)
  A quokka (D:2)
  A ball python (D:1)
  3 frilled lizards
  13 kobolds
  6 rats
42 creatures vanquished.

Vanquished Creatures (others)
  9 toadstools (D:2)
9 creatures vanquished.

Grand Total: 51 creatures vanquished

Notes
Turn   | Place    | Note
-------+----------+-------------------------------------------
     0 | D:1      | Gorglomux the Merfolk Assassin began the quest for the Orb.
     0 | D:1      | Reached XP level 1. HP: 16/16 MP: 1/1
   270 | D:1      | Reached XP level 2. HP: 22/23 MP: 2/2
   966 | D:2      | Reached skill level 3 in Fighting
  1017 | D:2      | Reached XP level 3. HP: 23/29 MP: 3/3
  1062 | D:2      | Reached skill level 3 in Dodging
  1426 | D:2      | Found a shadowy altar of Dithmenos.
  2050 | D:2      | Reached XP level 4. HP: 33/35 MP: 4/4
  2092 | D:2      | Splashed by a jelly's acid

Vault maps used:
D:1:      sevenhm_arrival_forest_fort_small_4
D:2:      cheibrodos_fertilizer, first_ration, grunt_dithmenos_smoke,
          uniq_terence

Skill      XL: |  1  2  3 |
---------------+----------+-----
Dodging        | 2 3 |  3.7
Fighting       | 3 |  3.6
Short Blades   | |  2.4
Throwing       | |  2.0
Stealth        | |  4.3

Action                   |  1- 3 |  4- 6 || total
-------------------------+-------+-------++-------
Melee: Dagger            |   128 |    10 ||   138
 Fire: Blowgun           |    10 |       ||    10
 Stab: Sleeping          |     5 |       ||     5
  Eat: Chunk             |     3 |       ||     3
Armor: Leather armour    |    28 |     3 ||    31
       Robe              |     1 |       ||     1
Dodge: Dodged            |    78 |     3 ||    81

Table legend:
 A = Spawn XP
 B = Non-spawn XP
 C = Spawn XP percentage of total XP
 D = Spawn monster count
 E = Non-spawn monster count
 F = Spawn count percentage of total count
 G = Total turns spent on level
                    A         B        C        D         E        F      G
               +---------+---------+-------+---------+---------+-------+---------
         Total |       0 |      90 |   0.0 |       0 |      42 |   0.0 |  2092
               +---------+---------+-------+---------+---------+-------+---------
           D:1 |       0 |      24 |   0.0 |       0 |      15 |   0.0 |   945
           D:2 |       0 |      66 |   0.0 |       0 |      27 |   0.0 |  1147
               +---------+---------+-------+---------+---------+-------+---------
